 Dungeon Crawl Stone Soup version 0.28-a0-664-gc179e30c89 (webtiles) character file.

Game seed: 10006501010152445910

56 MacCMillion the Magician (level 4, -3/31 HPs)
             Began as a Djinni Ice Elementalist on Oct 16, 2021.
             Slain by a gnoll (10 damage)
             ... on level 2 of the Dungeon.
             The game lasted 00:04:46 (1883 turns).

MacCMillion the Magician (Djinni Ice Elementalist)  Turns: 1883, Time: 00:04:47

Health: -3/31      AC:  2    Str:  8    XL:     4   Next: 17%
Gold:   51         EV: 12    Int: 16    God:
                   SH:  0    Dex: 14

rFire   + + .      SeeInvis .   a - +0 dagger
rCold   x . .      Faith    .   (no shield)
rNeg    . . .      Spirit   .   l - +0 robe
rPois   ∞          Reflect  .   (no helmet)
rElec   .          Harm     .   (no cloak)
rCorr   .          Rampage  .   (no gloves)
Will    .....                   (boots unavailable)
Stlth   ++........              (no amulet)
HPRegen 0.10/turn               (no ring)
MPRegen 0.00/turn               (no ring)

@: freezing walls, flying
A: sickness immunity, fire resistance 2, cold vulnerability 1, float, innate
caster, hp casting, extra vitality 1
a: no special abilities


You were on level 2 of the Dungeon.
You visited 1 branch of the dungeon, and saw 2 of its levels.

You collected 51 gold pieces.

Inventory:

Hand Weapons
 a - a +0 dagger (weapon)
 c - a +0 war axe
 j - a +0 short sword
Armour
 g - a +0 leather armour
 l - a +0 robe (worn)
Jewellery
 b - an amulet of faith
Scrolls
 e - 2 scrolls of identify {unknown}
 f - a scroll of enchant armour {unknown}
 h - a scroll of blinking {unknown}
 i - 3 scrolls of fear {unknown}
 m - a scroll of amnesia {unknown}
Potions
 d - a potion of ambrosia {unknown}
 k - 2 potions of lignification {unknown}


   Skills:
 + Level 0.8 Fighting
 - Level 2.2 Dodging
 + Level 2.1 Stealth
 * Level 4.0 Spellcasting


You couldn't memorise any spells.
You knew the following spells:

 Your Spells              Type           Power      Damage    Failure   Level
a - Freeze                Ice            64%        1d8       3%          1
b - Frozen Ramparts       Ice            32%        1d5       10%         3
c - Ozocubu's Armour      Ice            16%        N/A       10%         3
d - Hailstorm             Conj/Ice       16%        3d6       32%         4
e - Pain                  Necr           64%        1d7       3%          1
Your spell library was empty.

Dungeon Overview and Level Annotations

Branches:
Dungeon (2/15)

Altars:
Cheibriados


Innate Abilities, Weirdness & Mutations

You are immune to sickness and miasma.
You are immune to poison.
Your flesh is very heat resistant. (rF++)
You are vulnerable to cold. (rC-)
You float through the air rather than walking.
You learn spells naturally, not from books.
Your magical power is your life essence.
You have superior vitality. (+4 HP)


Message History

Unknown command.
Unknown command.
You are too injured to fight recklessly!
Unknown command.
You barely miss the gnoll.
The gnoll is heavily wounded.
The wall freezes the gnoll.
The gnoll barely misses you.
The wall freezes the gnoll.
You barely miss the gnoll.
The gnoll is almost dead.
The wall freezes the gnoll.
You kill the gnoll!
The wall freezes the gnoll.
Your Stealth skill increases to level 2!
Your Spellcasting skill increases to level 4!
You hit the gnoll but do no damage.
The gnoll is lightly wounded.
The wall freezes the gnoll.
The gnoll hits you with a +0 whip.
Unknown command.
You barely miss the gnoll.
The gnoll is moderately wounded.
The wall freezes the gnoll.
The gnoll hits you with a +0 whip.
* * * LOW HITPOINT WARNING * * *
The wall freezes the gnoll.
Unknown command.
You hit the gnoll.
The gnoll is severely wounded.
The wall freezes the gnoll.
You kill the gnoll!
The wall freezes the gnoll.
You have reached level 4!
You feel agile.
You hit the gnoll.
The gnoll is heavily wounded.
The wall freezes the gnoll.
The gnoll barely misses you.
Unknown command.
You hit the gnoll but do no damage.
The gnoll is severely wounded.
The wall freezes the gnoll.
The gnoll hits you with a +0 flail!
You die...

..........# ######
#.#.###.## ...... #...#
#. #...... ..... ..
.......
##.#######....... . #.
#.#............. # .##
#####......###...... #
.. #...#).gg#...# .....
#.###...'.@#.#...# ....
####...#...#....#...#
...
#......###.######...# ..
####...(..#............#
#
.##.........#.######...#
.........####.# ####
..............#
.........######
.....#####


You could see 2 gnolls.

Vanquished Creatures
  2 gnolls (D:2)
  An adder (D:2)
  2 endoplasms
  A giant cockroach (D:1)
  4 goblins
  4 hobgoblins
  3 jackals (D:1)
  2 quokkas
  A bat (D:1)
  3 frilled lizards
  A kobold (D:1)
  3 rats (D:1)
27 creatures vanquished.

Notes
Turn   | Place    | Note
-------+----------+-------------------------------------------
     0 | D:1      | MacCMillion the Djinni Ice Elementalist began the quest for
                  | the Orb.
     0 | D:1      | Reached XP level 1. HP: 15/15 MP: 0/0
   231 | D:1      | Reached XP level 2. HP: 11/21 MP: 0/0
   964 | D:1      | Reached XP level 3. HP: 19/25 MP: 0/0
   964 | D:1      | Learned a level 1 spell: Pain
  1315 | D:2      | Found a faded altar of an unknown god.
  1795 | D:2      | Found a snail-covered altar of Cheibriados.
  1879 | D:2      | Reached skill level 4 in Spellcasting
  1882 | D:2      | Reached XP level 4. HP: 7/31 MP: 0/0
  1883 | D:2      | Slain by a gnoll

Illustrated notes

Levels and vault maps discovered:
D:1:      dpeg_arrival_rooms_a, layout_basic, minmay_hexomino_f4
D:2:      layout_basic, shapermc_ecumenical_altar_gd, basic_altar,
          minmay_misc_feat_rows

Skill      XL: |  1  2  3 |
---------------+----------+-----
Stealth        | 2 |  2.1
Spellcasting   | 4 |  4.0
Fighting       | |  0.8
Dodging        | |  2.2

Action                   |  1- 3 |  4- 6 || total
-------------------------+-------+-------++-------
Melee: Club              |     1 |       ||     1
       Dagger            |     5 |     2 ||     7
       Short sword       |     1 |       ||     1
 Cast: Freeze            |    37 |       ||    37
       Frozen Ramparts   |     1 |       ||     1
Armor: Robe              |     4 |       ||     4
Dodge: Dodged            |    12 |     1 ||    13

Table legend: (Time is in decaauts)
 A = Elapsed time spent in this place.
 B = Non-inter-level travel time spent in this place.
 C = Inter-level travel time spent in this place.
 D = Time resting spent in this place.
 E = Time spent auto-exploring this place.
 F = Levels seen in this place.
 G = Mean time per level.
                   A        B        C        D        E       F      G
               +--------+--------+--------+--------+--------+-----+--------+
         Total |   1881 |   1865 |     16 |    568 |   1059 |   2 |  940.5 |
       Dungeon |   1881 |   1865 |     16 |    568 |   1059 |   2 |  940.5 |
               +--------+--------+--------+--------+--------+-----+--------+

Top non-repeatable levels by time:
     D:1: 1314 daAuts
     D:2: 567 daAuts
